 Dungeon Crawl Stone Soup version 0.29.0-10-g45618ea6d2 (webtiles) character file.

Game seed: 14109514459841963364

537 RascalDebosk the Covered (level 7, -3/60 HPs)
             Began as a Minotaur Fighter on Sept 1, 2022.
             Slain by Ijyb
             ... wielding a +2 dagger of venom
              (5 damage)
             ... on level 3 of the Dungeon.
             The game lasted 00:20:05 (2884 turns).

RascalDebosk the Covered (Minotaur Fighter)         Turns: 2884, Time: 00:20:07

Health: -3/60      AC: 12    Str: 29    XL:     7   Next: 5%
Magic:  7/7        EV:  2    Int:  5    God:
Gold:   133        SH: 12    Dex:  9    Spells: 6/6 levels left

rFire   . . .      SeeInvis .   a - +0 war axe
rCold   . . .      Faith    +   u - +0 tower shield
rNeg    . . .      Spirit   .   r - +0 chain mail
rPois   +          Reflect  .   (helmet restricted)
rElec   .          Harm     .   (no cloak)
rCorr   .          Rampage  .   p - +0 pair of gloves {hurl}
Will    .....                   x - +0 pair of boots
Stlth   ..........              s - amulet of faith
HPRegen 0.20/turn               f - ring of poison resistance
MPRegen 0.10/turn               i - +6 ring of strength

@: lethally poisoned (-3 -> -6), grasped by roots, constricted
A: horns 2, retaliatory headbutt
a: no special abilities


You were on level 3 of the Dungeon.
You visited 1 branch of the dungeon, and saw 3 of its levels.
You also visited: Sewer.

You collected 133 gold pieces.

Inventory:

Hand Weapons
 a - a +0 war axe (weapon)
Missiles
 o - 5 javelins (quivered)
Armour
 p - a +0 pair of gloves of hurling (worn)
 r - a +0 chain mail (worn)
 u - a +0 tower shield (worn)
 x - a +0 pair of boots (worn)
Jewellery
 f - a ring of poison resistance (left hand)
 i - a +6 ring of strength (right hand)
 s - an amulet of faith (around neck)
Scrolls
 b - a scroll of teleportation {unknown}
 c - 2 scrolls of immolation {unknown}
 e - 6 scrolls of identify {unknown}
 m - 4 scrolls of vulnerability {unknown}
 v - a scroll of magic mapping {unknown}
 y - a scroll of blinking {unknown}
 A - a scroll of enchant armour {unknown}
Potions
 d - 2 potions of might
 g - a potion of resistance {unknown}
 h - a potion of attraction {unknown}
 j - 4 potions of degeneration
 k - a potion of curing {unknown}
 l - 2 potions of mutation {unknown}
 n - 2 potions of berserk rage {unknown}
 q - a potion of magic {unknown}
 t - a potion of ambrosia {unknown}
 w - 7 potions of flight
 z - a potion of haste {unknown}


   Skills:
 + Level 4.8 Fighting
 + Level 3.9 Axes
 + Level 2.2 Throwing
 + Level 4.8 Armour
 + Level 4.7 Shields
 + Level 2.2 Invocations
 * Level 3.3 Evocations


You had 6 spell levels left.
You didn't know any spells.
Your spell library contained the following spells:

 Spells                   Type           Power      Damage    Failure   Level
 Gell's Gravitas          Tloc           0%         N/A       100%        3
 Teleport Other           Tloc           0%         N/A       100%        3
 Dispersal                Tloc           0%         N/A       100%        6


Dungeon Overview and Level Annotations

Branches:
Dungeon (3/15)              Sewer (visited)

Altars:
Dithmenos

Annotations:
D:3 Ijyb


Innate Abilities, Weirdness & Mutations

You have a pair of horns on your head.
You reflexively headbutt those who attack you in melee.


Message History

You feel very sick.
Ijyb screams, "Me very upset!"
Ijyb drinks a potion.
Ijyb is healed!
The grasping roots constrict you.
The grasping roots release their grip on you.
You barely miss Ijyb. Your headbutt misses Ijyb.
You feel sick. Ijyb hits you but does no damage.
Ijyb hits you with a +2 dagger of venom.
You closely miss Ijyb.
You feel sick.
Ijyb zaps a wand.
The roots erupt in riotous growth!
The grasping roots grab you!
Ijyb is unaffected.
The grasping roots constrict you.
* * * LOW HITPOINT WARNING * * *
Ijyb screams, "Get away!"
Ijyb hits you but does no damage.
You are more poisoned.
The grasping roots constrict you!
* * * LOW HITPOINT WARNING * * *
You barely miss Ijyb. You headbutt Ijyb.
Ijyb is moderately wounded.
* * * LOW HITPOINT WARNING * * *
You feel very sick. You block Ijyb's attack. The grasping roots constrict you.
The grasping roots release their grip on you.
You slash Ijyb!
Ijyb is severely wounded.
* * * LOW HITPOINT WARNING * * *
You feel very sick.
Ijyb zaps a wand.
The roots erupt in riotous growth!
The grasping roots grab you!
Ijyb is unaffected.
The grasping roots constrict you.
Ijyb hits you with a +2 dagger of venom.
* * * LOW HITPOINT WARNING * * *
The grasping roots constrict you.
You closely miss Ijyb.
Ijyb is severely wounded.
* * * LOW HITPOINT WARNING * * *
You feel sick.
Ijyb grins evilly.
Ijyb hits you with a +2 dagger of venom.
You die...

#........####.........##
#........##...........##
#.......)...#.........~~
#........#.##.........≈~
#........#..............
#........###..........~~
#........###........#.~≈
#######.......#..>....##
#..g@$....#........##
#......####.##.......
#.....## ..........
#.....# .##......)
####### #.......
#....... #.......
##...... ##.....


You could see Ijyb.

Vanquished Creatures
  Grinder (D:3)
  A jelly (D:3)
  A hound (D:2)
  Natasha (twice) (D:2)
  Terence (D:2)
  8 river rats
  8 adders
  2 worms (Sewer)
  A dart slug (D:2)
  8 ball pythons
  4 endoplasms
  8 giant cockroaches
  5 hobgoblins
  4 jackals
  3 quokkas
  11 bats
  4 frilled lizards
  4 goblins
  5 kobolds
  6 rats
87 creatures vanquished.

Notes
Turn   | Place    | Note
-------+----------+-------------------------------------------
     0 | D:1      | RascalDebosk the Minotaur Fighter began the quest for the
                  | Orb.
     0 | D:1      | Reached XP level 1. HP: 19/19 MP: 0/0
   367 | D:1      | Reached XP level 2. HP: 27/27 MP: 1/1
   706 | D:1      | Reached skill level 1 in Evocations
   893 | D:1      | Found a faded altar of an unknown god.
   956 | D:2      | Reached XP level 3. HP: 31/33 MP: 2/2
  1107 | D:2      | Reached XP level 4. HP: 38/40 MP: 3/3
  1266 | D:2      | Reached skill level 1 in Invocations
  1490 | D:2      | Noticed Terence
  1497 | D:2      | Killed Terence
  1498 | D:2      | Reached skill level 1 in Throwing
  1530 | D:2      | Noticed Natasha
  1534 | D:2      | Killed Natasha
  1541 | D:2      | Reached XP level 5. HP: 46/46 MP: 4/4
  1676 | D:2      | Noticed Natasha
  1680 | D:2      | Killed Natasha
  1830 | D:3      | Found a shadowy altar of Dithmenos.
  1881 | D:3      | Found a glowing drain.
  1899 | Sewer    | Entered a sewer
  2214 | Sewer    | Reached XP level 6. HP: 50/53 MP: 6/6
  2646 | D:3      | Noticed Grinder
  2658 | D:3      | Paralysed by Grinder for 2 turns
  2664 | D:3      | Killed Grinder
  2665 | D:3      | Reached XP level 7. HP: 31/60 MP: 7/7
  2863 | D:3      | Noticed Ijyb
  2883 | D:3      | HP: 3/60 [Ijyb/+2 dagger of venom (3)]
  2884 | D:3      | Slain by Ijyb

Illustrated notes

Levels and vault maps discovered:
D:1:      shiori_arrival_maze, layout_basic,
          dreamdust_ecumenical_altar_sealed_demon, hex_large,
          minmay_worlds_worst_comb
D:2:      layout_rooms, chequers_decorated_corner, grunt_decor_clamped,
          minivault_14, minmay_circle_x, uniq_terence, uniq_natasha
D:3:      layout_rooms, grunt_dithmenos_smoke, cheibrodos_sewer_entry_sluice,
          uniq_grinder, uniq_ijyb

Skill      XL: |  1  2  3  4  5  6 |
---------------+-------------------+-----
Evocations     | 1 2 3 |  3.3
Armour         | 4 |  4.8
Shields        | 4 |  4.7
Axes           | 3 |  3.9
Invocations    | 1 2 |  2.2
Fighting       | 4 |  4.8
Throwing       | 1 2 |  2.2

Action                   |  1- 3 |  4- 6 |  7- 9 || total
-------------------------+-------+-------+-------++-------
Melee: War axe           |    67 |   124 |    22 ||   213
       Headbutt          |     9 |    14 |     4 ||    27
Throw: Javelin           |       |    10 |       ||    10
Armor: Scale mail        |    26 |     4 |       ||    30
       Chain mail        |       |   109 |     8 ||   117
Dodge: Dodged            |    41 |    39 |     3 ||    83
Block: Buckler           |    13 |     7 |       ||    20
       Tower shield      |       |   126 |    14 ||   140
